AoeStats
← mgaitaniella

Nomad

510470329Analyzed
4v4 RM · 1d ago on Oct 1, 2026· 37m 39s· 8 players
Game mode
Random Map
Map size
231×231
Population
200
Speed
Normal
Resources
Standard
Victory
Conquest
Starting age
Dark Age
Ending age
Imperial Age
RankedLock teamsTeams togetherTeam positionsShared explorationLock speedFull tech treeHidden civsTurbo modeCheats
Victory
Defeat
🇳🇮 Vietnamese · Nicaragua
1070
+13
🇺🇸 Ethiopians · United States
1055
+13
🇺🇸 Huns · United States
974
+17
🇵🇪 Gurjaras · Peru
957
+16
🇨🇳 Vikings · China
1044
-17
🇨🇳 Burgundians · China
996
-15
🇨🇳 Georgians · China
973
-14
🇨🇳 Vietnamese · China
946
-13
开局一片田
13:24 Feudal Age
18:08 Castle Age
15:59 Double-Bit Axe
16:17 Fishing Lines
17:15 Bow Saw
16:59 Gold Mining
17:17 Gillnets
18:58 Gold Shaft Mining
19:53 Scale Barding Armor
22:03 Forging
23:23 Wheelbarrow
24:01 Two-Man Saw
23:40 Horse Collar
25:06 Loom
25:07 Town Watch
26:33 Hand Cart
26:27 Heavy Plow
28:48 Cavalier
31:47 Crop Rotation
34:03 Stone Mining
34:45 Husbandry
37:56 Chain Barding Armor
大汉忠臣曹孟德
xuzhongxing
8:42 Loom
24:31 Feudal Age
33:59 Wheelbarrow
low hand
17:14 Feudal Age
17:45 Double-Bit Axe
18:16 Fishing Lines
24:22 Castle Age
23:46 Gold Mining
25:19 Wheelbarrow
24:58 Stone Mining
25:28 Thumb Ring
25:26 Crossbowman
26:24 Bow Saw
26:14 Pikeman
26:56 Squires
27:16 Gillnets
27:43 Medium Warships
27:18 Elite Skirmisher
30:06 Hand Cart
31:55 Stone Shaft Mining
32:52 Forging
34:42 Fletching
35:40 Horse Collar
39:43 Imperial Age
37:21 Scale Mail Armor
37:10 Treadmill Crane
37:51 Ballistics
MYTH NICAZ
11:17 Loom
17:02 Feudal Age
17:39 Fishing Lines
19:51 Fletching
24:38 Castle Age
23:03 Gold Mining
23:40 Padded Archer Armor
24:25 Scale Mail Armor
24:53 Crossbowman
27:50 Forging
28:23 Double-Bit Axe
30:05 Leather Archer Armor
31:44 Town Watch
32:37 Bodkin Arrow
34:51 Ballistics
35:04 Bow Saw
35:46 Medium Warships
37:10 Wheelbarrow
37:46 Gold Shaft Mining
38:18 Masonry
mgaitaniella
15:51 Feudal Age
14:07 Loom
16:38 Fishing Lines
20:48 Castle Age
18:39 Double-Bit Axe
20:44 Wheelbarrow
20:06 Gold Mining
21:51 Fletching
22:01 Padded Archer Armor
27:28 Gold Shaft Mining
26:45 Stone Mining
26:36 Horse Collar
27:09 Bow Saw
27:54 Bloodlines
27:44 Husbandry
29:41 Bodkin Arrow
30:02 Leather Archer Armor
30:35 Marauders
30:49 Forging
30:45 Scale Barding Armor
30:33 Gillnets
32:02 Murder Holes
32:17 Masonry
32:28 Ballistics
33:13 Chain Barding Armor
33:29 Iron Casting
36:56 Imperial Age
36:18 Heavy Plow
38:00 Conscription
38:09 Parthian Tactics
Wgonzalez079389
3:36 Loom
13:58 Feudal Age
14:43 Man-at-Arms
19:21 Double-Bit Axe
19:46 Gold Mining
22:47 Scale Mail Armor
28:22 Castle Age
28:15 Horse Collar
30:05 Wheelbarrow
29:15 Pikeman
32:41 Fishing Lines
34:13 Hand Cart
35:55 Forging
36:02 Chain Mail Armor
37:19 Gillnets
Gerar1309
6:19 Loom
15:10 Feudal Age
20:49 Gold Mining
24:04 Castle Age
22:44 Scale Barding Armor
22:34 Double-Bit Axe
23:32 Forging
23:33 Bloodlines
23:34 Horse Collar
23:38 Fishing Lines
27:57 Husbandry
32:35 Heavy Plow
32:37 Gillnets
33:12 Treadmill Crane
35:14 Wheelbarrow
35:13 Bow Saw
38:02 Imperial Age
36:45 Kshatriyas
37:19 Gold Shaft Mining
36:36 Stone Mining
37:32 Chain Barding Armor
37:48 Iron Casting
Connection lost

Rejoining the realm…

Still unreachable

The connection could not be restored.

Session expired

The server has moved on; the page needs a fresh start.